Map: Port Aleksander LE

Players

Erik

  • Race: Zerg Zerg
  • League: Master
  • Spawn Location: 5:00

SpeCial - Winner!

  • Race: Terran Terran
  • Spawn Location: 11:00

Event: 2019 WCS Winter Americas

VOD

Have the link to the VOD?

Description

Time

  • Played on: Jan. 31, 2019, 4:14 p.m.
  • Length: 12:17

All games in this series

Show
View Real Time Build Order
Export as new Build Order

Erik Zerg 

Build Orders: Pool First, Muta Ling Bane 

Get SALT Encoding   

  12  0:01  Drone  
  13  0:13  Overlord  
  13  0:19  Drone  
  14  0:32  Drone x2  
  16  0:41  Spawning Pool  
  15  0:45  Drone  
  15  0:49  Drone  
  17  1:10  Hatchery  
  16  1:13  Drone  
  17  1:28  Extractor  
  17  1:29  Zergling x6  
  19  1:33  Queen  
  21  1:41  Overlord  
  21  1:51  Drone  
  22  2:02  Drone  
  23  2:09  Queen  
  23  2:13  Drone  
  26  2:23  Drone x2  
  26  2:24  Queen  
  30  2:33  Drone  
  30  2:34  Drone  
  32  2:44  Drone x2  
  34  2:45  Drone x2  
  34  2:48  Metabolic Boost  
  36  2:54  Drone  
  35  2:59  Overlord  
  35  3:03  Queen  
  36  3:19  Drone x7  
  43  3:23  Drone  
  44  3:33  Overlord  
  44  3:39  Overlord  
  44  3:51  Queen x2  
  44  3:54  Drone x2  
  50  3:56  Hatchery  
  50  3:57  Drone  
  50  3:59  Drone  
  51  4:05  Zergling x6  
  51  4:06  Zergling x2  
  55  4:11  Drone  
  55  4:14  Extractor  
  55  4:15  Drone x2, Baneling Nest  
  56  4:19  Drone x2  
  56  4:21  Drone  
  59  4:28  Zergling x2  
  59  4:29  Overlord  
  60  4:38  Lair  
  60  4:41  Extractor x2  
  60  4:42  Overlord  
  60  4:44  Drone x2  
  60  4:49  Drone x2  
  62  4:53  Drone  
  62  4:55  Drone  
  64  5:01  Drone x3  
  64  5:03  Drone x3  
  70  5:13  Hatchery  
  69  5:15  Baneling x6  
  69  5:16  Zergling x6  
  71  5:22  Zergling x4  
  71  5:27  Queen  
  75  5:36  Zergling x2  
  71  5:43  Baneling x4  
  71  5:45  Zergling x4  
  73  5:52  Overlord  
  73  5:53  Overlord  
  73  5:55  Spire  
  71  6:08  Drone x3  
  71  6:09  Drone x2  
  70  6:12  Drone x3  
  70  6:14  Queen  
  74  6:21  Baneling x3  
  74  6:23  Zergling x2  
  74  6:24  Zergling x6  
  75  6:25  Drone  
  75  6:26  Drone x4  
  75  6:28  Drone  
  75  6:32  Extractor  
  80  6:33  Extractor, Drone  
  80  6:34  Evolution Chamber  
  79  6:41  Zergling x2  
  79  6:50  Drone  
  79  6:51  Drone  
  79  6:53  Drone  
  79  6:54  Drone x4  
  81  6:58  Drone x8  
  87  7:17  Mutalisk  
  87  7:18  Mutalisk x3  
  87  7:19  Overlord x3  
  87  7:20  Baneling  
  87  7:21  Baneling x3  
  94  7:27  Overlord  
  94  7:28  Extractor  
  93  7:30  Zerg Ground Armor Level 1  
  93  7:31  Centrifical Hooks  
  93  7:35  Evolution Chamber  
  92  7:37  Mutalisk x6  
  92  7:40  Overseer  
  104  7:50  Zergling x22  
  115  7:55  Drone x2  
  115  7:57  Queen  
  116  8:03  Drone  
  116  8:04  Drone  
  116  8:05  Zerg Melee Weapons Level 1  
  115  8:19  Zergling x2  
  114  8:20  Zergling x22  
  125  8:27  Roach Warren, Drone x2  
  125  8:36  Drone x3  
  125  8:40  Overlord x3  
  125  8:41  Overlord  
  128  8:52  Overlord  
  128  8:53  Extractor  
  127  9:01  Drone x9  
  132  9:08  Drone  
  131  9:13  Glial Reconstitution  
  131  9:15  Corruptor x5  
  131  9:16  Corruptor  
  139  9:21  Spine Crawler  
  138  9:24  Roach, Spine Crawler  
  138  9:25  Roach x3  
  138  9:27  Zerg Missile Weapons Level 1  
  143  9:36  Roach x6  
  145  9:44  Drone  
  145  9:49  Drone x9  
  145  9:51  Infestation Pit  
  153  9:58  Ravager x3  
  153  9:59  Ravager x6  
  161  10:07  Overlord  
  161  10:12  Overlord  
  158  10:17  Overlord  
  158  10:18  Roach x14  
  160  10:29  Roach x3  
  160  10:30  Roach x3  
  163  10:46  Overlord  
  163  10:47  Hatchery  
  163  10:49  Roach x5  
  172  10:53  Hive  
  172  11:10  Drone x12  
  175  11:19  Queen  
  175  11:24  Roach x7  
  184  11:27  Drone x3  
  187  11:38  Ravager x2  
  189  11:41  Roach x5  
  189  11:42  Roach x2, Extractor  
  189  11:45  Extractor  
  199  11:51  Overlord  
  197  11:56  Spine Crawler  
Show
View Real Time Build Order
Export as new Build Order

SpeCial Terran - Winner!

Build Orders: Hellion Opening, Reaper Expand 

Get SALT Encoding   

  12  0:00  SCV  
  13  0:13  SCV  
  14  0:18  Supply Depot  
  14  0:25  SCV  
  15  0:39  SCV  
  15  0:41  Barracks  
  16  0:44  Refinery  
  16  0:51  SCV  
  17  1:03  SCV  
  18  1:15  SCV  
  19  1:29  Reaper, Orbital Command  
  20  1:42  Command Center  
  20  1:55  SCV, Supply Depot  
  21  2:01  Marine  
  21  2:05  Factory  
  22  2:09  SCV  
  22  2:15  Refinery  
  23  2:21  SCV  
  24  2:24  Barracks Reactor  
  24  2:33  SCV  
  25  2:45  SCV  
  25  3:00  SCV  
  26  3:06  Starport  
  26  3:08  Hellion x2  
  31  3:12  SCV  
  31  3:15  Barracks Tech Lab  
  31  3:31  SCV  
  31  3:32  Orbital Command  
  31  3:33  Hellion x2  
  36  3:40  Marauder  
  38  3:43  SCV  
  38  3:46  Viking  
  38  3:47  Supply Depot  
  41  3:55  SCV, Hellion  
  43  3:57  Hellion  
  46  4:07  Supply Depot  
  46  4:08  SCV x2  
  48  4:11  Marauder  
  48  4:16  Supply Depot  
  50  4:19  Medivac  
  50  4:22  SCV x2  
  54  4:31  Armory  
  54  4:32  Hellion  
  54  4:35  Liberator  
  56  4:39  Hellion  
  56  4:41  Marauder  
  56  4:43  Concussive Shells  
  60  4:48  SCV x2, Supply Depot  
  65  5:00  SCV  
  65  5:06  SCV  
  67  5:09  Hellion  
  67  5:10  Hellion  
  67  5:12  SCV  
  72  5:18  SCV  
  73  5:24  SCV  
  73  5:26  Supply Depot  
  73  5:27  Supply Depot  
  74  5:30  SCV  
  75  5:36  SCV  
  75  5:40  Hellion  
  75  5:42  SCV  
  70  5:48  SCV  
  69  5:54  SCV  
  70  6:01  SCV, Command Center  
  69  6:05  Hellion x3  
  69  6:07  SCV  
  69  6:08  Banshee  
  65  6:14  Refinery, Supply Depot  
  65  6:16  Hellion, Refinery  
  65  6:18  SCV  
  68  6:21  Barracks Tech Lab  
  68  6:26  Factory  
  68  6:30  SCV x2  
  72  6:32  Hellion  
  72  6:33  Supply Depot  
  72  6:35  Factory  
  72  6:37  Hellion  
  74  6:43  SCV  
  69  6:56  SCV x2, Terran Vehicle Weapons Level 1  
  69  6:57  Engineering Bay  
  69  7:01  Hellion x2  
  76  7:08  SCV x2  
  76  7:13  Starport Reactor  
  74  7:16  Orbital Command  
  74  7:20  SCV x2, Medivac  
  74  7:22  Hellion x2, Barracks Reactor  
  82  7:23  Thor  
  82  7:28  Missile Turret  
  82  7:29  Missile Turret  
  88  7:30  Refinery  
  88  7:31  Refinery  
  88  7:32  SCV x2, Thor  
  96  7:38  Missile Turret  
  96  7:44  SCV  
  96  7:45  SCV  
  96  7:48  SCV  
  99  7:56  Hellion x2  
  99  7:57  SCV x2  
  105  7:59  Factory  
  105  8:00  SCV  
  105  8:04  Factory  
  103  8:09  SCV x2  
  103  8:12  Armory, SCV  
  106  8:15  Supply Depot  
  106  8:17  Hellion x2  
  107  8:21  SCV x2, Thor  
  107  8:24  SCV  
  107  8:26  Thor  
  122  8:33  SCV, Starport Reactor, Supply Depot  
  122  8:34  Supply Depot  
  122  8:38  SCV  
  122  8:39  Hellion x2  
  123  8:41  Armory  
  123  8:52  Hellion x2, Factory Tech Lab  
  127  8:59  SCV x2  
  127  9:00  Hellion x2  
  132  9:04  Siege Tank  
  132  9:05  Terran Vehicle Weapons Level 2  
  132  9:06  Terran Vehicle And Ship Armor Level 1  
  132  9:07  Supply Depot  
  132  9:09  Siege Tank  
  137  9:17  Hellion, Siege Tank  
  137  9:21  Hellion  
  137  9:22  Hellion, Supply Depot  
  146  9:28  Hellion  
  148  9:36  Infernal Pre-Igniter, Siege Tank  
  145  9:39  Hellion  
  145  9:42  Hellion  
  149  9:50  Siege Tank  
  152  9:58  Hellion x3  
  158  10:02  Supply Depot  
  158  10:03  Siege Tank  
  158  10:04  Command Center  
  161  10:08  Siege Tank  
  162  10:14  Hellion  
  162  10:19  Hellion  
  147  10:22  Siege Tank  
  147  10:26  Hellion  
  147  10:27  Hellion  
  140  10:35  Hellion, Siege Tank  
  145  10:36  Liberator x2  
  145  10:41  Hellion, Siege Tank  
  146  10:47  Hellion  
  148  10:52  Supply Depot  
  148  10:53  Supply Depot  
  148  10:54  Siege Tank  
  148  10:56  SCV x2  
  148  10:57  SCV  
  160  11:03  Hellion x2  
  162  11:15  Factory Tech Lab x2  
  162  11:18  SCV x2  
  162  11:19  Missile Turret  
  162  11:23  Planetary Fortress  
  162  11:25  Refinery  
  152  11:26  Factory Tech Lab  
  152  11:34  Hellion  
  152  11:35  Missile Turret  
  152  11:38  Siege Tank  
  157  11:48  Hellion x2  
  157  11:54  Hellion x2  
  166  12:14  Refinery  
  166  12:17  Command Center  
Tags
 
Add a new tag
Caveats
  • Supply blocks, unpowered buildings, or Contaminate may cause inaccurate times.
  • Supply counts are checked every 10 seconds.